[ PARTIDA AOE2 · #461242999 ]
UnrankedWei vs Chinese
Equipo rival · DERR
[ ANÁLISIS DE REPETICIÓN · EXTRAÍDO DE LA PARTIDA GRABADA ]
Feudal
8:51
Castillos
20:05
Imperial
—
| APM promedio | 54.3 |
| APM pico | 70 |
| eAPM promedio | 23.9 |
| Aldeanos / militares | 52 / 15 |
Foco
⚔️ 36.5% · 🌾 63.5%
Unknown (1952) ×18 · Skirmisher ×8 · Scout Cavalry ×5 · Unknown (1944) ×4 · Spearman ×2
Feudal
8:56
Castillos
22:57
Imperial
—
| APM promedio | 85.4 |
| APM pico | 110 |
| eAPM promedio | 36.8 |
| Aldeanos / militares | 63 / 25 |
Foco
⚔️ 26.8% · 🌾 73.2%
Archer ×10 · Scout Cavalry ×9 · Knight ×3 · Spearman ×2 · Skirmisher ×1
Mapa de la partida
Recursos iniciales + cada clic de construcción. Líneas = muros · curvas = relieve. ◆ oro · ⬟ piedra · ● bayas · ✦ reliquia · ◌ hueco del cierre
Tu base· Abierta — flanco sin cerrar
Base de yfhyfve22· ✓ Cerrada en 22:57 · 30t muro · 1 puerta(s)
Terreno inicial suavizado · ◌ = hueco del cierre detectado · pasá el cursor para detalles
Inputs por minuto
— 科学性咲恋炸鱼号 - - yfhyfve22
Build order — 科学性咲恋炸鱼号
Primeras 150 de 166 acciones detectadas
| 0:00 | Crear | Villager (Male) |
| 0:02 | Construir | House |
| 0:02 | Construir | House |
| 0:07 | Crear | Villager (Male) |
| 0:30 | Crear | Villager (Male) |
| 0:36 | Crear | Villager (Male) |
| 1:27 | Crear | Villager (Male) |
| 1:50 | Crear | Villager (Male) |
| 2:13 | Construir | Lumber Camp |
| 2:21 | Crear | Villager (Male) |
| 2:48 | Crear | Villager (Male) |
| 3:08 | Crear | Villager (Male) |
| 3:23 | Crear | Villager (Male) |
| 3:24 | Crear | Villager (Male) |
| 3:45 | Crear | Villager (Male) |
| 3:48 | Construir | House |
| 3:52 | Construir | House |
| 4:00 | Crear | Villager (Male) |
| 4:27 | Construir | Mill |
| 4:36 | Crear | Villager (Male) |
| 4:46 | Crear | Villager (Male) |
| 5:03 | Crear | Villager (Male) |
| 5:17 | Crear | Villager (Male) |
| 5:23 | Investigar | Loom |
| 5:38 | Crear | Villager (Male) |
| 6:39 | Investigar | Feudal Age |
| 7:17 | Construir | Barracks |
| 7:22 | Construir | House |
| 7:23 | Construir | Palisade Wall |
| 7:53 | Construir | Palisade Wall |
| 7:59 | Construir | House |
| 8:02 | Crear | Villager (Male) |
| 8:51 | Edad | Edad Feudal |
| 8:54 | Construir | Stable |
| 9:00 | Investigar | Double-Bit Axe |
| 9:01 | Crear | Villager (Male) |
| 9:16 | Crear | Spearman |
| 9:23 | Investigar | Horse Collar |
| 9:29 | Crear | Villager (Male) |
| 9:35 | Crear | Scout Cavalry |
| 9:46 | Construir | Farm |
| 9:51 | Crear | Scout Cavalry |
| 9:57 | Construir | Farm |
| 10:03 | Crear | Villager (Male) |
| 10:35 | Crear | Villager (Male) |
| 10:42 | Crear | Villager (Male) |
| 10:43 | Construir | Farm |
| 10:49 | Construir | House |
| 10:53 | Crear | Villager (Male) |
| 10:56 | Construir | Farm |
| 10:58 | Construir | Farm |
| 11:08 | Crear | Spearman |
| 11:15 | Construir | Farm |
| 11:20 | Construir | House |
| 11:22 | Crear | Scout Cavalry |
| 11:40 | Construir | House |
| 11:42 | Crear | Villager (Male) |
| 11:50 | Construir | Farm |
| 11:56 | Crear | Scout Cavalry |
| 12:04 | Construir | House |
| 12:10 | Crear | Villager (Male) |
| 12:14 | Construir | House |
| 12:14 | Construir | Palisade Wall |
| 12:18 | Crear | Villager (Male) |
| 12:21 | Construir | Farm |
| 12:29 | Construir | Farm |
| 12:35 | Construir | Palisade Wall |
| 12:47 | Crear | Villager (Male) |
| 12:56 | Construir | Palisade Wall |
| 12:58 | Crear | Scout Cavalry |
| 13:17 | Crear | Villager (Male) |
| 13:23 | Construir | Mining Camp |
| 13:39 | Construir | Farm |
| 13:41 | Crear | Villager (Male) |
| 13:57 | Construir | Farm |
| 14:06 | Construir | Farm |
| 14:11 | Crear | Villager (Male) |
| 14:24 | Construir | House |
| 14:27 | Construir | Palisade Wall |
| 14:36 | Construir | Palisade Wall |
| 14:58 | Crear | Villager (Male) |
| 15:28 | Construir | Lumber Camp |
| 15:30 | Crear | Villager (Male) |
| 15:33 | Construir | Farm |
| 15:51 | Crear | Villager (Male) |
| 15:55 | Construir | Farm |
| 16:08 | Construir | Farm |
| 16:18 | Crear | Villager (Male) |
| 16:33 | Construir | Archery Range |
| 16:42 | Crear | Villager (Male) |
| 16:48 | Construir | Farm |
| 17:03 | Construir | Farm |
| 17:21 | Construir | Farm |
| 17:25 | Investigar | Castle Age |
| 17:36 | Crear | Skirmisher |
| 17:40 | Construir | Archery Range |
| 18:05 | Crear | Skirmisher |
| 18:07 | Crear | Villager (Male) |
| 18:20 | Construir | House |
| 18:23 | Crear | Skirmisher |
| 18:51 | Construir | Blacksmith |
| 19:00 | Crear | Skirmisher |
| 19:11 | Construir | House |
| 19:15 | Crear | Skirmisher |
| 19:34 | Investigar | Fletching |
| 19:36 | Crear | Skirmisher |
| 19:36 | Crear | Skirmisher |
| 19:43 | Crear | Skirmisher |
| 19:50 | Investigar | Padded Archer Armor |
| 20:04 | Construir | House |
| 20:05 | Edad | Edad de los Castillos |
| 20:08 | Investigar | Bodkin Arrow |
| 20:12 | Crear | Villager (Male) |
| 20:20 | Investigar | Bow Saw |
| 20:35 | Crear | Villager (Male) |
| 20:51 | Crear | Villager (Male) |
| 20:55 | Crear | Unit 1952 |
| 20:56 | Crear | Unit 1952 |
| 21:03 | Construir | House |
| 21:07 | Construir | House |
| 21:08 | Construir | House |
| 21:19 | Investigar | Wheelbarrow |
| 21:21 | Construir | Lumber Camp |
| 21:27 | Crear | Villager (Male) |
| 21:31 | Crear | Unit 1952 |
| 21:31 | Crear | Unit 1952 |
| 21:51 | Crear | Unit 1952 |
| 21:51 | Crear | Unit 1952 |
| 21:52 | Crear | Villager (Male) |
| 22:02 | Crear | Unit 1952 |
| 22:02 | Crear | Unit 1952 |
| 22:07 | Construir | House |
| 22:09 | Crear | Unit 1952 |
| 22:09 | Crear | Unit 1952 |
| 22:12 | Crear | Villager (Male) |
| 22:30 | Investigar | Husbandry |
| 22:31 | Crear | Unit 1944 |
| 22:42 | Crear | Unit 1952 |
| 22:43 | Crear | Unit 1952 |
| 22:50 | Crear | Unit 1952 |
| 22:50 | Crear | Unit 1952 |
| 22:55 | Investigar | Padded Archer Armor |
| 23:05 | Construir | House |
| 23:06 | Construir | House |
| 23:10 | Crear | Unit 1952 |
| 23:10 | Crear | Unit 1952 |
| 23:13 | Crear | Villager (Male) |
| 23:14 | Crear | Unit 1944 |
| 23:14 | Investigar | Bloodlines |
| 23:21 | Construir | Farm |
Build order — yfhyfve22
Primeras 150 de 184 acciones detectadas
| 0:03 | Investigar | Loom |
| 0:44 | Crear | Villager (Male) |
| 1:12 | Crear | Villager (Male) |
| 1:42 | Crear | Villager (Male) |
| 1:43 | Crear | Villager (Male) |
| 2:05 | Crear | Villager (Male) |
| 2:28 | Crear | Villager (Male) |
| 2:31 | Construir | Lumber Camp |
| 2:52 | Crear | Villager (Male) |
| 3:08 | Construir | House |
| 3:25 | Crear | Villager (Male) |
| 3:25 | Crear | Villager (Male) |
| 4:01 | Crear | Villager (Male) |
| 4:07 | Crear | Villager (Male) |
| 4:20 | Crear | Villager (Male) |
| 4:50 | Construir | House |
| 4:50 | Construir | Palisade Wall |
| 5:20 | Construir | Mill |
| 5:23 | Crear | Villager (Male) |
| 5:45 | Crear | Villager (Male) |
| 5:52 | Crear | Villager (Male) |
| 6:21 | Crear | Villager (Male) |
| 6:45 | Investigar | Feudal Age |
| 7:07 | Construir | Palisade Wall |
| 7:14 | Construir | House |
| 7:31 | Crear | Villager (Male) |
| 7:44 | Construir | Barracks |
| 8:08 | Construir | Palisade Wall |
| 8:11 | Crear | Villager (Male) |
| 8:56 | Edad | Edad Feudal |
| 8:59 | Construir | Stable |
| 9:01 | Crear | Spearman |
| 9:05 | Crear | Villager (Male) |
| 9:10 | Investigar | Double-Bit Axe |
| 9:10 | Investigar | Double-Bit Axe |
| 9:13 | Construir | House |
| 9:16 | Crear | Villager (Male) |
| 9:22 | Crear | Villager (Male) |
| 9:28 | Construir | Palisade Wall |
| 9:32 | Crear | Villager (Male) |
| 9:38 | Crear | Spearman |
| 9:39 | Crear | Scout Cavalry |
| 9:44 | Construir | House |
| 9:48 | Construir | Palisade Wall |
| 9:50 | Crear | Villager (Male) |
| 10:02 | Investigar | Horse Collar |
| 10:02 | Investigar | Horse Collar |
| 10:35 | Crear | Villager (Male) |
| 10:44 | Crear | Villager (Male) |
| 10:51 | Construir | Farm |
| 10:52 | Construir | Farm |
| 10:54 | Construir | Palisade Wall |
| 11:04 | Construir | Palisade Wall |
| 11:09 | Crear | Villager (Male) |
| 11:12 | Construir | Farm |
| 11:13 | Construir | Farm |
| 11:13 | Construir | Farm |
| 11:24 | Crear | Villager (Male) |
| 11:37 | Crear | Villager (Male) |
| 11:40 | Construir | Farm |
| 11:41 | Construir | Farm |
| 11:55 | Construir | Farm |
| 11:56 | Crear | Villager (Male) |
| 12:04 | Construir | House |
| 12:07 | Crear | Villager (Male) |
| 12:17 | Crear | Villager (Male) |
| 12:21 | Crear | Scout Cavalry |
| 12:27 | Crear | Villager (Male) |
| 12:30 | Construir | Mining Camp |
| 12:45 | Crear | Villager (Male) |
| 13:09 | Crear | Villager (Male) |
| 13:26 | Construir | Archery Range |
| 13:30 | Crear | Scout Cavalry |
| 13:31 | Crear | Villager (Male) |
| 13:43 | Construir | Palisade Gate |
| 13:44 | Crear | Villager (Male) |
| 13:49 | Crear | Villager (Male) |
| 13:51 | Construir | Farm |
| 13:56 | Crear | Scout Cavalry |
| 13:59 | Crear | Villager (Male) |
| 14:04 | Construir | House |
| 14:08 | Crear | Villager (Male) |
| 14:18 | Crear | Villager (Male) |
| 14:45 | Crear | Villager (Male) |
| 14:55 | Construir | Farm |
| 14:57 | Construir | Lumber Camp |
| 15:13 | Crear | Scout Cavalry |
| 15:15 | Crear | Archer |
| 15:39 | Crear | Villager (Male) |
| 15:44 | Construir | Blacksmith |
| 15:48 | Crear | Archer |
| 15:54 | Construir | Farm |
| 15:58 | Crear | Villager (Male) |
| 15:59 | Crear | Archer |
| 16:00 | Crear | Villager (Male) |
| 16:08 | Construir | Farm |
| 16:22 | Crear | Villager (Male) |
| 16:26 | Construir | Farm |
| 16:37 | Crear | Villager (Male) |
| 16:40 | Construir | Farm |
| 16:41 | Construir | Farm |
| 16:44 | Construir | House |
| 16:50 | Crear | Archer |
| 16:52 | Investigar | Fletching |
| 16:53 | Investigar | Fletching |
| 16:56 | Crear | Scout Cavalry |
| 17:08 | Crear | Archer |
| 17:13 | Crear | Villager (Male) |
| 17:16 | Construir | Farm |
| 17:29 | Crear | Villager (Male) |
| 17:31 | Construir | Farm |
| 17:33 | Construir | Farm |
| 17:50 | Crear | Villager (Male) |
| 17:56 | Construir | Farm |
| 17:56 | Construir | Farm |
| 17:58 | Construir | Farm |
| 18:04 | Crear | Villager (Male) |
| 18:08 | Investigar | Wheelbarrow |
| 18:08 | Investigar | Wheelbarrow |
| 18:23 | Construir | Farm |
| 18:26 | Construir | House |
| 18:44 | Construir | Farm |
| 18:50 | Construir | House |
| 19:18 | Construir | Farm |
| 19:36 | Crear | Villager (Male) |
| 19:41 | Construir | Farm |
| 20:01 | Construir | Farm |
| 20:17 | Investigar | Castle Age |
| 20:21 | Crear | Archer |
| 21:00 | Crear | Archer |
| 21:08 | Investigar | Gold Mining |
| 21:08 | Investigar | Gold Mining |
| 21:09 | Crear | Scout Cavalry |
| 21:10 | Investigar | Scale Barding Armor |
| 21:11 | Investigar | Scale Barding Armor |
| 21:18 | Crear | Archer |
| 21:43 | Crear | Archer |
| 21:47 | Investigar | Forging |
| 21:47 | Investigar | Forging |
| 21:55 | Construir | Stable |
| 22:00 | Investigar | Bloodlines |
| 22:00 | Investigar | Bloodlines |
| 22:06 | Crear | Archer |
| 22:14 | Construir | Market |
| 22:22 | Crear | Scout Cavalry |
| 22:24 | Crear | Scout Cavalry |
| 22:28 | Construir | House |
| 22:30 | Construir | House |
| 22:34 | Construir | House |
| 22:35 | Crear | Skirmisher |
Cronología de la partida
| 4:50 | yfhyfve22 · wall_segment Palisade Wall x1 |
| 7:07 | yfhyfve22 · wall_segment Palisade Wall x1 |
| 7:17 | 科学性咲恋炸鱼号 · first_building Barracks |
| 7:23 | 科学性咲恋炸鱼号 · wall_segment Palisade Wall x4 |
| 7:44 | yfhyfve22 · first_building Barracks |
| 7:53 | 科学性咲恋炸鱼号 · wall_segment Palisade Wall x3 |
| 8:08 | yfhyfve22 · wall_segment Palisade Wall x4 |
| 8:51 | 科学性咲恋炸鱼号 · age_up feudal |
| 8:54 | 科学性咲恋炸鱼号 · first_building Stable |
| 8:56 | yfhyfve22 · age_up feudal |
| 8:59 | yfhyfve22 · first_building Stable |
| 9:28 | yfhyfve22 · wall_segment Palisade Wall x7 |
| 9:48 | yfhyfve22 · wall_segment Palisade Wall x9 |
| 10:54 | yfhyfve22 · wall_segment Palisade Wall x1 |
| 11:04 | yfhyfve22 · wall_segment Palisade Wall x8 |
| 12:14 | 科学性咲恋炸鱼号 · wall_segment Palisade Wall x1 |
| 12:35 | 科学性咲恋炸鱼号 · wall_segment Palisade Wall x4 |
| 12:56 | 科学性咲恋炸鱼号 · wall_segment Palisade Wall x12 |
| 13:26 | yfhyfve22 · first_building Archery Range |
| 14:27 | 科学性咲恋炸鱼号 · wall_segment Palisade Wall x1 |
| 14:36 | 科学性咲恋炸鱼号 · wall_segment Palisade Wall x1 |
| 16:33 | 科学性咲恋炸鱼号 · first_building Archery Range |
| 20:05 | 科学性咲恋炸鱼号 · age_up castle |
| 22:57 | yfhyfve22 · age_up castle |
| 25:43 | yfhyfve22 · resign |
[ ANÁLISIS IA · 1 CRÉDITO ]
¿Qué pasó realmente en esta partida?
Wolo.gg analiza cada decisión: build order, eco, micro, errores típicos por bracket. Análisis personalizado por WhatsApp o Discord en 30 segundos.
Guía civ
Wei
Perfil
吴国推销员